 Dungeon Crawl Stone Soup version 0.25.1-1-g288607f5aa (webtiles) character file.

Game seed: 13481147901703582261

34690 spacedv the Fighter (level 13, -1/107 HPs)
             Began as a Gnoll Wanderer on July 20, 2020.
             Was a High Priest of Wu Jian.
             Killed from afar by a starcursed mass (5 damage)
             ... with an accursed screaming
             ... on level 2 of the Abyss on July 21, 2020.
             The game lasted 01:45:41 (24059 turns).

spacedv the Fighter (Gnoll Wanderer)               Turns: 24059, Time: 01:45:42

Health: -1/107     AC: 12    Str: 21    XL:     13   Next: 79%
Magic:  8/8        EV: 32    Int: 18    God:    Wu Jian [*****.]
Gold:   883        SH:  0    Dex: 16    Spells: 2/28 levels left

rFire    . . .     SeeInvis .   Y - +1 halberd (antimagic)
rCold    . . .     Gourm    .   (shield currently unavailable)
rNeg     . . .     Faith    .   G - +0 acid dragon scales
rPois    .         Spirit   .   Z - +0 helmet
rElec    .         Reflect  .   l - +0 cloak
rCorr    +         Harm     .   O - +0 pair of gloves
MR       +....                  (no boots)
Stlth    ++++......             Q - amulet of the acrobat
HPRegen  0.27/turn              L - +6 ring of strength
MPRegen  0.11/turn              S - ring of protection from magic

@: about to teleport, acrobat
A: distributed training, fangs 1, strong nose
a: Wall Jump, Serpent's Lash, Heavenly Storm, Renounce Religion


You were on level 2 of the Abyss.
You worshipped Wu Jian.
Wu Jian was extremely pleased with you.
You were very hungry.

You visited 3 branches of the dungeon, and saw 19 of its levels.
You visited the Abyss 1 time.

You collected 883 gold pieces.

Inventory:

Hand Weapons
 a - a +2 scimitar of pain
 j - a +1 hand axe of draining
 Y - a +1 antimagic halberd (weapon)
Missiles
 y - 270 arrows
 A - 34 poisoned darts (quivered)
 B - 7 atropa-tipped darts
Armour
 l - a +0 cloak (worn)
 s - a +0 buckler
 G - +0 acid dragon scales (worn)
 O - a +0 pair of gloves (worn)
 Z - a +0 helmet (worn)
Jewellery
 d - an uncursed amulet of magic regeneration
 C - an uncursed ring of protection from cold
 E - a cursed amulet of inaccuracy {unknown}
 L - a +6 ring of strength (left hand)
 Q - an amulet of the acrobat (around neck)
 S - a ring of protection from magic (right hand)
 W - an uncursed ring of resist corrosion
Wands
 b - a wand of polymorph (39)
 i - a wand of iceblast (6)
 u - a wand of clouds (5)
 P - a wand of disintegration (10)
 R - a wand of random effects (47)
 T - a wand of digging (4)
Scrolls
 e - 2 scrolls of fog {unknown}
 h - 12 scrolls of remove curse
 k - 3 scrolls of blinking
 m - 9 scrolls of teleportation
 q - 4 scrolls of enchant armour
 v - 7 scrolls of magic mapping
 x - 8 scrolls of amnesia
 H - a scroll of acquirement {unknown}
 J - 4 scrolls of immolation
 M - 3 scrolls of enchant weapon
 U - 3 scrolls of fear
Potions
 c - 5 potions of curing
 g - 3 potions of resistance
 n - a potion of mutation {unknown}
 o - a potion of berserk rage {unknown}
 p - 3 potions of invisibility
 r - 2 potions of cancellation {unknown}
 t - 3 potions of stabbing {unknown}
 w - 3 potions of might {unknown}
 z - 3 potions of haste
 F - a potion of magic {unknown}
 I - 3 potions of ambrosia {unknown}
 K - 3 potions of lignification
 N - 5 potions of flight
 V - 3 potions of heal wounds
Miscellaneous
 D - a tin of tremorstones (3/3)
 X - a phial of floods
Comestibles
 f - 21 rations


   Skills:
 + Level 11.7 Fighting
 + Level 8.4 Short Blades
 + Level 9.6 Long Blades
 + Level 8.4 Axes
 + Level 8.4 Maces & Flails
 + Level 9.6 Polearms
 + Level 8.4 Staves
 + Level 8.4 Slings
 + Level 8.4 Bows
 + Level 8.4 Crossbows
 + Level 8.4 Throwing
 + Level 8.4 Armour
 + Level 8.4 Dodging
 + Level 8.4 Stealth
 + Level 8.9 Shields
 + Level 8.4 Unarmed Combat
 + Level 8.4 Spellcasting
 + Level 7.0 Conjurations
 + Level 7.0 Hexes
 + Level 7.0 Charms
 + Level 7.0 Summonings
 + Level 7.0 Necromancy
 + Level 7.0 Translocations
 + Level 7.0 Transmutations
 + Level 7.0 Fire Magic
 + Level 7.0 Ice Magic
 + Level 7.0 Air Magic
 + Level 7.0 Earth Magic
 + Level 7.0 Poison Magic
 + Level 9.2 Invocations
 + Level 8.9 Evocations


You had 2 spell levels left.
You knew the following spells:

 Your Spells              Type           Power        Failure   Level  Hunger
a - Blink                 Tloc           N/A          1%          2    None
b - Call Imp              Summ           ####....     1%          2    None
c - Magic Dart            Conj           ####         1%          1    None
d - Slow                  Hex            ####....     1%          2    None
e - Conjure Flame         Conj/Fire      ####....     1%          3    None
f - Mephitic Cloud        Conj/Pois/Air  ####....     1%          3    None
g - Swiftness             Chrm/Air       ####....     1%          2    None
h - Ignite Poison         Fire/Tmut/Pois ####....     1%          3    None
i - Olgreb's Toxic Radia  Pois           ####....     6%          4    ###....
j - Airstrike             Air            ####......   6%          4    ###....

Your spell library contained the following spells:

 Spells                   Type           Power        Failure   Level  Hunger
 Animate Skeleton         Necr           N/A          1%          1    None
 Pain                     Necr           ####         1%          1    None
 Shock                    Conj/Air       ####         1%          1    None
 Sting                    Tmut/Pois      ####         1%          1    None
 Passwall                 Tmut/Erth      ####....     1%          2    None
 Poisonous Vapours        Pois/Air       ####..       1%          2    None
 Static Discharge         Conj/Air       ####....     1%          3    None
 Vampiric Draining        Necr           ####......   1%          3    None
 Animate Dead             Necr           N/A          6%          4    ###....
 Passage of Golubria      Tloc           N/A          6%          4    ###....
 Agony                    Necr           ####....     17%         5    #####..
 Lee's Rapid Deconstruct  Erth           ####......   17%         5    #####..
 Lightning Bolt           Conj/Air       ####......   17%         5    #####..
 Darkness                 Hex            ####......   67%         6    ######.
 Invisibility             Hex            ####....     67%         6    ######.


Dungeon Overview and Level Annotations

Branches:
Dungeon (14/15)            Temple (1/1) D:4            Lair (4/6) D:8
 Shoals (0/4) Lair:4        Snake (0/4) Lair:4          Orc (0/2) D:12
 Vaults: D:13-14

Altars:
Ashenzari
Cheibriados
Dithmenos
Elyvilon
Fedhas
Gozag
Hepliaklqana
Kikubaaqudgha
Makhleb
Nemelex Xobeh
Okawaru
Qazlal
Ru
Sif Muna
Trog
Uskayaw
Vehumet
Wu Jian
Xom
Yredelemnul
Zin
The Shining One

Shops:
D:12 :

Annotations:
Lair:3 exclusion: 2 oklob plants


Innate Abilities, Weirdness & Mutations

Your experience applies equally to all skills.
You have very sharp teeth.
Your uncanny sense of smell can sniff out nearby items.


Message History

A starcursed mass comes into view.
You are covered in liquid flames!
* * * LOW HITPOINT WARNING * * *
A large abomination comes into view.
The thrashing horror completely misses you. x2
A starcursed mass splits.
A starcursed mass comes into view.
The thrashing horror completely misses you.
The thrashing horror barely misses you.
A spatial vortex comes into view.
A spatial vortex and a worldbinder come into view.
A spatial maelstrom comes into view.
The thrashing horror misses you. The thrashing horror barely misses you.
A spatial vortex comes into view.
The thrashing horror barely misses you. The thrashing horror tramples you!
* * * LOW HITPOINT WARNING * * *
You hold your ground!
The thrashing horror misses you.
The thrashing horror completely misses you.
A chorus of shrieks assaults your mind.
You die...

##( #.# ..# #..
###.##..#
#.##.3X....# ∆
#...#. #.##.# ##
#..#####.# #..
####..# .##
##.v#...#X#.#.#
#.v..X#.#X..###
#..v##@X.XX.##.#
# ..#.
#.###....###.
..# ##.#...#
#... ##.##_##..
##x## .# ..###
##..#X∆..## .# .
.


You could see 3 starcursed masses, 2 spatial vortices, 2 thrashing horrors, a
large abomination and a worldbinder (wandering).

Vanquished Creatures
  Harold (D:10)
  A hydra (Lair:3)
  A centaur warrior (D:13)
  2 two-headed ogres
  Urug (Lair:1)
  A deep elf knight (D:13)
  3 unseen horrors
  An ugly thing (D:11)
  A deep elf mage (D:14)
  3 manticores
  A cyclops (D:12)
  Maggie (Lair:1)
  3 gargoyles
  A centaur skeleton (D:12)
  A torpor snail (Lair:3)
  10 spiny frogs
  2 komodo dragons
  2 trolls
  Grinder (D:5)
  A hornet (D:8)
  Prince Ribbit (D:5)
  9 blink frogs
  8 hippogriffs
  A vampire (D:11)
  A meliai zombie (D:13)
  A shadow (D:11)
  33 yaks
  Sigmund (D:4)
  A ynoxinul (Abyss:2)
  A basilisk (Lair:2)
  2 wyverns
  4 small abominations (Abyss:2)
  3 acid dragons
  2 vampire mosquitoes (D:12)
  3 insubstantial wisps (Abyss:2)
  Menkaure (D:4)
  3 nagas (Lair:4)
  Duvessa (D:6)
  7 porcupines
  6 water moccasins
  7 orc warriors
  4 ice beasts
  4 sky beasts
  5 black bears
  An eye of draining (D:10)
  6 ogres
  2 phantoms
  14 centaurs
  8 crocodiles
  Blork the orc (D:5)
  A big kobold (D:8)
  2 wyvern zombies
  10 bullfrogs
  Dowan (D:6)
  A wyvern skeleton (D:12)
  8 scorpions
  A water moccasin skeleton (D:7)
  3 killer bees (D:10)
  3 howler monkeys
  5 crimson imps
  3 bullfrog zombies
  A quasit (Abyss:2)
  A gnoll shaman (D:4)
  3 centaur zombies
  9 hounds
  4 jellies
  11 orc priests
  An iron imp (Abyss:2)
  8 orc wizards
  2 bullfrog skeletons
  2 iguanas (D:4)
  12 worker ants
  2 worker ant zombies
  7 gnolls
  13 adders
  A shadow imp (D:5)
  2 oozes
  An adder skeleton (D:4)
  9 worms
  3 dart slugs
  6 leopard geckos
  51 orcs
  5 giant cockroaches
  8 goblins
  10 hobgoblins
  8 jackals
  16 kobolds
  3 quokkas
  11 bats
  5 frilled lizards
  A quokka skeleton (D:4)
  A quokka zombie (D:7)
  6 rats
440 creatures vanquished.

Vanquished Creatures (others)
  7 fungi
  A lurking horror (Abyss:2)
  2 plants (Lair:3)
10 creatures vanquished.

Grand Total: 450 creatures vanquished

Notes
Turn   | Place    | Note
-------+----------+-------------------------------------------
     0 | D:1      | spacedv the Gnoll Wanderer began the quest for the Orb.
     0 | D:1      | spacedv set off with the following items: a +2 spear, a +0
                  | short sword, a potion of curing, a +0 robe, a ration
     0 | D:1      | Reached XP level 1. HP: 26/26 MP: 2/2
    72 | D:1      | Reached XP level 2. HP: 31/33 MP: 3/3
   308 | D:1      | Reached XP level 3. HP: 34/38 MP: 4/4
   590 | D:1      | Reached skill level 1 in Invocations
  1143 | D:2      | Reached skill level 1 in Short Blades
  1143 | D:2      | Reached skill level 1 in Axes
  1143 | D:2      | Reached skill level 1 in Maces & Flails
  1143 | D:2      | Reached skill level 1 in Staves
  1143 | D:2      | Reached skill level 1 in Slings
  1143 | D:2      | Reached skill level 1 in Bows
  1143 | D:2      | Reached skill level 1 in Crossbows
  1143 | D:2      | Reached skill level 1 in Throwing
  1143 | D:2      | Reached skill level 1 in Armour
  1143 | D:2      | Reached skill level 1 in Dodging
  1143 | D:2      | Reached skill level 1 in Stealth
  1143 | D:2      | Reached skill level 1 in Unarmed Combat
  1143 | D:2      | Reached skill level 1 in Spellcasting
  1177 | D:2      | Reached XP level 4. HP: 32/45 MP: 6/6
  1493 | D:2      | Found a blossoming altar of Fedhas.
  1947 | D:2      | Reached skill level 1 in Conjurations
  1947 | D:2      | Reached skill level 1 in Hexes
  1947 | D:2      | Reached skill level 1 in Charms
  1947 | D:2      | Reached skill level 1 in Summonings
  1947 | D:2      | Reached skill level 1 in Necromancy
  1947 | D:2      | Reached skill level 1 in Translocations
  1947 | D:2      | Reached skill level 1 in Transmutations
  1947 | D:2      | Reached skill level 1 in Fire Magic
  1947 | D:2      | Reached skill level 1 in Ice Magic
  1947 | D:2      | Reached skill level 1 in Air Magic
  1947 | D:2      | Reached skill level 1 in Earth Magic
  1947 | D:2      | Reached skill level 1 in Poison Magic
  2146 | D:3      | Found a shattered altar of Ashenzari.
  2247 | D:3      | Reached XP level 5. HP: 47/51 MP: 7/7
  2404 | D:3      | Noticed a moth of wrath
  2407 | D:3      | Found a bloodstained altar of Trog.
  2891 | D:3      | Found a blossoming altar of Fedhas.
  3700 | D:4      | Noticed an ogre
  3717 | D:4      | Reached XP level 6. HP: 47/57 MP: 8/8
  3739 | D:4      | Reached skill level 5 in Long Blades
  3739 | D:4      | Reached skill level 5 in Polearms
  4013 | D:4      | Reached XP level 7. HP: 63/63 MP: 10/10
  4389 | D:4      | Found a staircase to the Ecumenical Temple.
  4400 | Temple   | Entered the Ecumenical Temple
  4499 | Temple   | Became a worshipper of the Wu Jian Council
  4651 | D:4      | Noticed Sigmund
  4676 | D:4      | Killed Sigmund
  4676 | D:4      | Reached skill level 9 in Fighting
  4676 | D:4      | Reached XP level 8. HP: 25/71 MP: 10/12
  4957 | D:4      | Noticed Menkaure
  5336 | D:5      | Entered Level 5 of the Dungeon
  5786 | D:5      | Noticed Prince Ribbit
  6038 | D:5      | Noticed Grinder
  6041 | D:5      | Paralysed by Grinder for 7 turns
  6312 | D:4      | Reached * piety under Wu Jian
  6392 | D:4      | Killed Menkaure
  7260 | D:6      | Reached XP level 9. HP: 60/76 MP: 14/14
  7446 | D:6      | Noticed Duvessa
  7463 | D:6      | Killed Duvessa
  7465 | D:6      | Noticed Dowan
  7481 | D:6      | Killed Dowan
  8268 | D:7      | Reached skill level 5 in Shields
  8268 | D:7      | Reached skill level 5 in Evocations
  8959 | D:8      | Noticed a hornet
  8971 | D:8      | Killed a hornet
  8974 | D:8      | Reached ** piety under Wu Jian
  8974 | D:8      | Reached skill level 5 in Invocations
  9146 | D:8      | Reached XP level 10. HP: 38/85 MP: 15/17
  9160 | D:8      | Found a staircase to the Lair.
  9818 | D:8      | Reached skill level 5 in Short Blades
  9818 | D:8      | Reached skill level 5 in Axes
  9818 | D:8      | Reached skill level 5 in Maces & Flails
  9818 | D:8      | Reached skill level 5 in Staves
  9818 | D:8      | Reached skill level 5 in Slings
  9818 | D:8      | Reached skill level 5 in Bows
  9818 | D:8      | Reached skill level 5 in Crossbows
  9818 | D:8      | Reached skill level 5 in Throwing
  9818 | D:8      | Reached skill level 5 in Armour
  9818 | D:8      | Reached skill level 5 in Dodging
  9818 | D:8      | Reached skill level 5 in Stealth
  9818 | D:8      | Reached skill level 5 in Unarmed Combat
  9818 | D:8      | Reached skill level 5 in Spellcasting
 10586 | D:5      | Killed Prince Ribbit
 10771 | D:5      | Noticed Blork the orc
 10784 | D:5      | Killed Blork the orc
 10784 | D:5      | Reached skill level 10 in Fighting
 10906 | D:5      | Killed Grinder
 11743 | D:9      | Reached XP level 11. HP: 46/91 MP: 19/19
 11757 | D:9      | Reached *** piety under Wu Jian
 12044 | D:9      | Learned a level 2 spell: Blink
 12047 | D:9      | Learned a level 2 spell: Call Imp
 12049 | D:9      | Learned a level 1 spell: Magic Dart
 12052 | D:9      | Learned a level 2 spell: Slow
 12056 | D:9      | Learned a level 3 spell: Conjure Flame
 12060 | D:9      | Learned a level 3 spell: Mephitic Cloud
 12322 | D:9      | Found a shimmering altar of Xom.
 12322 | D:9      | Found a sparkling altar of Nemelex Xobeh.
 12322 | D:9      | Found an iron altar of Okawaru.
 12451 | D:10     | Entered Level 10 of the Dungeon
 12476 | D:10     | Noticed Harold
 12502 | D:10     | Killed Harold
 12856 | Lair:1   | Entered Level 1 of the Lair of Beasts
 13161 | Lair:1   | Reached skill level 5 in Conjurations
 13161 | Lair:1   | Reached skill level 5 in Hexes
 13161 | Lair:1   | Reached skill level 5 in Charms
 13161 | Lair:1   | Reached skill level 5 in Summonings
 13161 | Lair:1   | Reached skill level 5 in Necromancy
 13161 | Lair:1   | Reached skill level 5 in Translocations
 13161 | Lair:1   | Reached skill level 5 in Transmutations
 13161 | Lair:1   | Reached skill level 5 in Fire Magic
 13161 | Lair:1   | Reached skill level 5 in Ice Magic
 13161 | Lair:1   | Reached skill level 5 in Air Magic
 13161 | Lair:1   | Reached skill level 5 in Earth Magic
 13161 | Lair:1   | Reached skill level 5 in Poison Magic
 13372 | Lair:1   | Noticed Urug
 13413 | Lair:1   | Killed Urug
 14015 | Lair:1   | Noticed Maggie
 14040 | Lair:1   | Killed Maggie
 16085 | Lair:3   | Noticed a four-headed hydra
 16095 | Lair:3   | Killed a four-headed hydra
 16095 | Lair:3   | Reached XP level 12. HP: 68/99 MP: 18/22
 16726 | Lair:3   | Learned a level 2 spell: Swiftness
 17094 | Lair:3   | Reached skill level 11 in Fighting
 17145 | Lair:3   | Reached **** piety under Wu Jian
 18197 | Lair:4   | Found a staircase to the Shoals.
 18277 | Lair:4   | Found a staircase to the Snake Pit.
 18418 | Lair:4   | Noticed a four-headed hydra
 18419 | Lair:4   | Noticed a six-headed hydra
 19675 | D:11     | Reached XP level 13. HP: 106/106 MP: 24/24
 20134 | D:11     | You fall into a shaft and drop 3 floors!
 20210 | D:14     | Reached ***** piety under Wu Jian
 20434 | D:14     | HP: 4/106 [black mamba (shapeshifter) (14)]
 20439 | D:14     | HP: 3/106 [black mamba (shapeshifter) (9)]
 22079 | D:12     | Found a staircase to the Orcish Mines.
 22539 | D:12     | Found Kiacw's Book Boutique.
 22953 | D:12     | Learned a level 3 spell: Ignite Poison
 22958 | D:12     | Learned a level 4 spell: Olgreb's Toxic Radiance
 22964 | D:12     | Learned a level 4 spell: Airstrike
 23782 | D:13     | Noticed a vault guard
 23844 | D:13     | Noticed a vault guard
 23847 | D:13     | Cast into level 2 of the Abyss (a wizard)
 24030 | Abyss:2  | Found a corrupted altar of Lugonu.
 24059 | Abyss:2  | HP: 4/107 [thrashing horror (7)]
 24059 | Abyss:2  | Killed from afar by a starcursed mass

Illustrated notes

Levels and vault maps discovered:
D:1:      dpeg_arrival_shrine, layout_basic, minmay_octomino_c4
D:2:      layout_rooms, lemuel_crystal_altar
D:3:      layout_loops_corners, ashenzari_conservatory_becter, tgw_trog,
          fedhas_ov_isle_minmay
D:4:      minmay_razor_zed, layout_basic, minmay_temple_entry_ruins,
          uniq_sigmund, uniq_menkaure
D:5:      layout_basic, first_ration, uniq_grinder, uniq_prince_ribbit1,
          uniq_blork_the_orc
D:6:      layout_cave_pools, serial_park_tiny_2, uniq_duvessa
D:7:      layout_cave_pools
D:8:      layout_loops_cross, due_lair_maze_entry_diamond
D:9:      layout_rooms, gammafunk_temple_overflow_forgotten
D:10:     layout_rooms, uniq_harold
D:11:     layout_basic, grunt_ogre_cave
D:12:     layout_roguey, david_orc_2, serial_shops, shop
D:13:     layout_rooms, grunt_vaults_entry_fortified, serial_glass,
          glass_columns_b, glass_columns_c, uniq_maurice
D:14:     layout_rooms, hangedman_decor_diamond_cutter, hangedman_weighted_door
Temple:   nicolae_temple_elliptical
Lair:1:   layout_long_grid, minmay_holes, uniq_urug, uniq_maggie
Lair:2:   layout_small_grid
Lair:3:   layout_chaotic_city, beast_lair_carwin_8, minmay_lair_oklob_chamber,
          grunt_megastairs_2
Lair:4:   layout_small_grid, minmay_shoals_entry_beasts,
          minmay_snake_entry_guardpost_small, grunt_megastairs_5,
          lemuel_fruit_tree
Abyss:2:  base: D:3, hangedman_decor_riveting, minivault_28,
          evilmike_abyss_exit_glass

Skill      XL: |  1  2  3  4  5  6  7  8  9 10 11 12 13 |
---------------+----------------------------------------+-----
Invocations    | 1 2 3 4 5 6 7 8 9 |  9.2
Short Blades   | 1 2 3 4 5 6 7 8 |  8.4
Axes           | 1 2 3 4 5 6 7 8 |  8.4
Maces & Flails | 1 2 3 4 5 6 7 8 |  8.4
Staves         | 1 2 3 4 5 6 7 8 |  8.4
Slings         | 1 2 3 4 5 6 7 8 |  8.4
Bows           | 1 2 3 4 5 6 7 8 |  8.4
Crossbows      | 1 2 3 4 5 6 7 8 |  8.4
Throwing       | 1 2 3 4 5 6 7 8 |  8.4
Armour         | 1 2 3 4 5 6 7 8 |  8.4
Dodging        | 1 2 3 4 5 6 7 8 |  8.4
Stealth        | 1 2 3 4 5 6 7 8 |  8.4
Unarmed Combat | 1 2 3 4 5 6 7 8 |  8.4
Spellcasting   | 1 2 3 4 5 6 7 8 |  8.4
Conjurations   | 1 2 3 4 5 6 7 |  7.0
Hexes          | 1 2 3 4 5 6 7 |  7.0
Charms         | 1 2 3 4 5 6 7 |  7.0
Summonings     | 1 2 3 4 5 6 7 |  7.0
Necromancy     | 1 2 3 4 5 6 7 |  7.0
Translocations | 1 2 3 4 5 6 7 |  7.0
Transmutations | 1 2 3 4 5 6 7 |  7.0
Fire Magic     | 1 2 3 4 5 6 7 |  7.0
Ice Magic      | 1 2 3 4 5 6 7 |  7.0
Air Magic      | 1 2 3 4 5 6 7 |  7.0
Earth Magic    | 1 2 3 4 5 6 7 |  7.0
Poison Magic   | 1 2 3 4 5 6 7 |  7.0
Shields        | 3 4 5 6 7 8 |  8.9
Evocations     | 3 4 5 6 7 8 |  8.9
Long Blades    | 5 6 7 8 9 |  9.6
Polearms       | 5 6 7 8 9 |  9.6
Fighting       | 9 10 11 | 11.7

Action                   |  1- 3 |  4- 6 |  7- 9 | 10-12 | 13-15 || total
-------------------------+-------+-------+-------+-------+-------++-------
Melee: Spear             |   117 |   279 |   126 |    34 |       ||   556
       Bite              |    14 |    34 |    61 |   144 |    84 ||   337
       Punch             |     1 |       |       |       |       ||     1
       Hand axe          |       |       |   328 |   475 |   251 ||  1054
       Halberd           |       |       |       |   107 |   110 ||   217
       Eveningstar       |       |       |       |    18 |       ||    18
       Scimitar          |       |       |       |   242 |   110 ||   352
Throw: Dart              |       |     9 |    10 |     1 |       ||    20
 Cast: Magic Dart        |       |       |       |    32 |     6 ||    38
       Slow              |       |       |       |    25 |     9 ||    34
       Mephitic Cloud    |       |       |       |     4 |     3 ||     7
       Blink             |       |       |       |     4 |     2 ||     6
       Swiftness         |       |       |       |     1 |       ||     1
       Olgreb's Toxic Ra |       |       |       |       |     3 ||     3
       Airstrike         |       |       |       |       |     2 ||     2
       Ignite Poison     |       |       |       |       |     2 ||     2
Invok: Lunge             |       |       |    12 |    30 |    12 ||    54
       Whirlwind         |       |       |     4 |    24 |     6 ||    34
       Serpent's Lash    |       |       |       |     1 |       ||     1
Evoke: Wand              |       |       |       |     1 |     1 ||     2
  Use: Scroll            |     1 |     6 |     3 |     8 |     7 ||    25
       Potion            |       |       |     4 |     3 |     6 ||    13
 Stab: Sleeping          |     3 |     4 |       |     2 |     8 ||    17
       Distracted        |       |       |       |     3 |     5 ||     8
       Confused          |       |       |       |     7 |     5 ||    12
  Eat: Chunk             |     1 |     9 |    13 |    19 |     3 ||    45
       Ration            |       |       |     1 |     5 |     3 ||     9
Armor: Robe              |    21 |     7 |       |       |       ||    28
       Leather armour    |       |     7 |       |       |       ||     7
       Ring mail         |       |    19 |    22 |       |       ||    41
       Chain mail        |       |       |   153 |   115 |       ||   268
       Acid dragon scale |       |       |       |   100 |   153 ||   253
       Scale mail        |       |       |       |    20 |       ||    20
Dodge: Dodged            |    36 |    80 |   162 |   459 |   466 ||  1203
Block: Buckler           |       |    38 |    90 |   194 |   118 ||   440
       Rpst.: Scimitar   |       |       |       |    38 |    18 ||    56
